[Event "Titled Tuesday Blitz January 17 Early 2023"]
[White "Cramling Bellon, Anna"]
[Black "Meissner, Felix"]
[WhiteFideId "32009232"]
[BlackFideId "24671827"]
[WhiteElo "2043"]
[BlackElo "2362"]
[Result "0-1"]
[Round "02"]
[TimeControl "180+2"]
[Date "2023.01.17"]
[WhiteClock "0:00:03"]
[BlackClock "0:00:31"]

1. d4 g6 2. c4 Bg7 3. e4 d6 4. Nc3 Nc6 5. Be3 e5 6. Nge2 exd4 7. Nxd4 Nge7 8. f3 O-O 9. Qd2 f5 10. exf5 Nxf5 11. Nxf5 Bxf5 12. O-O-O Re8 13. g4 Be6 14. h4 Ne5 15. h5 Nxf3 16. Qf2 Ne5 17. hxg6 Nxg4 18. gxh7+ Kh8 19. Qd2 Nxe3 20. Qxe3 Bf5 21. Qg3 Qf6 22. Bd3 Bxd3 23. Qxd3 Qg5+ 24. Kb1 Re3 25. Qd5 Qg6+ 26. Ka1 Rxc3 27. Rdg1 Rg3 28. Rf1 c6 29. Qa5 Rg2 30. Qc7 Bxb2# 0-1


[Site "https://www.chess.com"]

[Event "Titled Tuesday Blitz January 17 Early 2023"]
[White "sabkeIXO"]
[Black "Garrido, Denis"]
[BlackFideId "601217"]
[WhiteElo "2481"]
[BlackElo "2205"]
[Result "1-0"]
[Round "02"]
[TimeControl "180+2"]
[Date "2023.01.17"]
[WhiteClock "0:00:09"]
[BlackClock "0:00:01"]

1. e4 e5 2. Nf3 Nc6 3. d4 exd4 4. Bc4 Nf6 5. e5 d5 6. Bb5 Ne4 7. Nxd4 Bd7 8. Bxc6 bxc6 9. O-O Bc5 10. f3 Ng5 11. f4 Ne4 12. Be3 Qb8 13. Nd2 Qxb2 14. N2b3 Bb6 15. Kh1 c5 16. Nf3 d4 17. Bc1 Qc3 18. Nfd2 Bc6 19. Qg4 O-O 20. f5 Qxc2 21. f6 g6 22. Qh4 h5 23. Re1 Nxd2 24. Bxd2 Qf5 25. Rac1 Rfe8 26. Nxc5 Rxe5 27. Rxe5 Qxe5 28. Nd3 Bxg2+ 29. Kxg2 Qe2+ 30. Qf2 Qxd3 31. Qf4 g5 32. Qxg5+ Qg6 33. h4 Re8 34. Kf3 Qxg5 35. Bxg5 Kh7 36. Rg1 d3 37. Rg2 Re1 38. Bd2 Ra1 39. Rg7+ Kh8 40. Rxf7 Rxa2 41. Bh6 Rf2+ 42. Ke4 d2 43. Bg7+ Kh7 44. Rd7 Re2+ 45. Kf3 Re3+ 46. Kf4 Re8 47. f7 1-0


[Site "https://www.chess.com"]

[Event "Titled Tuesday Blitz January 17 Early 2023"]
[White "Kabilov, Amin"]
[Black "Sihite, Chelsie Monica Ignesias"]
[WhiteFideId "14700859"]
[BlackFideId "7101198"]
[WhiteElo "2207"]
[BlackElo "2266"]
[Result "1-0"]
[Round "02"]
[TimeControl "180+2"]
[Date "2023.01.17"]
[WhiteClock "0:00:04"]
[BlackClock "0:00:11"]

1. e4 e6 2. Nf3 d5 3. Nc3 d4 4. Ne2 c5 5. Ng3 Nc6 6. Bc4 Nf6 7. O-O h5 8. h4 Be7 9. d3 Ng4 10. Bg5 f6 11. Bd2 g5 12. c3 a6 13. cxd4 cxd4 14. Rc1 Nce5 15. Nxe5 Nxe5 16. hxg5 h4 17. gxf6 hxg3 18. fxe7 Qxe7 19. fxg3 Qh7 20. Bf4 Ng6 21. Qd2 e5 22. Bg5 Bg4 23. Bf7+ Kd7 24. Bxg6 Qxg6 25. Rf6 Qh5 26. Qc2 Rac8 27. Qa4+ b5 28. Qxa6 Rxc1+ 29. Bxc1 Qh1+ 30. Kf2 Qxc1 31. Qa7+ Ke8 32. Qb8+ Ke7 33. Qxe5+ Kd8 34. Rd6+ Bd7 35. Qxh8+ Kc7 36. Qxd4 Bc6 37. Qe5 Qd2+ 38. Kg1 Qd1+ 39. Kh2 Kb7 40. Qe7+ Kb6 41. Qe5 Qc1 42. Qd4+ Kc7 43. Qe5 Kb6 44. Qd5 Ka5 45. Rxc6 Qd1 46. b4+ Kxb4 47. Qb3+ Qxb3 48. axb3 Kxb3 49. Rb6 1-0


[Site "https://www.chess.com"]

[Event "Titled Tuesday Blitz January 17 Early 2023"]
[White "Kuzmin, Roman"]
[Black "Nordquelle, Daniel"]
[WhiteFideId "44134932"]
[BlackFideId "1519042"]
[WhiteElo "2198"]
[BlackElo "2151"]
[Result "1-0"]
[Round "02"]
[TimeControl "180+2"]
[Date "2023.01.17"]
[WhiteClock "0:00:45"]
[BlackClock "0:00:46"]

1. e4 c5 2. Nf3 d6 3. d4 cxd4 4. Nxd4 Nf6 5. Nc3 a6 6. Be2 e5 7. Nb3 Be7 8. Be3 b5 9. a4 b4 10. Nd5 Bb7 11. Bb6 Qc8 12. Nc7+ Kf8 13. f3 Nbd7 14. Nxa8 Bxa8 15. Bf2 d5 16. exd5 Nxd5 17. O-O Nf4 18. Bxa6 Qxa6 19. Qxd7 g6 20. Nc5 Qf6 21. Ne4 Ne2+ 22. Kh1 Qf4 23. Rae1 Bxe4 24. fxe4 Qg4 25. Qxg4 1-0


[Site "https://www.chess.com"]

[Event "Titled Tuesday Blitz January 17 Early 2023"]
[White "Garcia Almaguer, Juan Manuel"]
[Black "Cueto, Jonny"]
[WhiteFideId "5110491"]
[BlackFideId "3300145"]
[WhiteElo "2090"]
[BlackElo "2122"]
[Result "1-0"]
[Round "02"]
[TimeControl "180+2"]
[Date "2023.01.17"]
[WhiteClock "0:01:01"]
[BlackClock "0:00:03"]

1. e4 e6 2. Nf3 d5 3. Nc3 Nf6 4. exd5 Nxd5 5. d4 Nc6 6. Bd3 Be7 7. a3 O-O 8. h4 h6 9. g4 e5 10. Nxd5 Qxd5 11. dxe5 Rd8 12. Rg1 Nxe5 13. Nxe5 Qxe5+ 14. Be3 Bc5 15. Bh7+ Kxh7 16. Qxd8 Be6 17. Qd3+ Kg8 18. Qc3 Qe4 19. Qxc5 Re8 20. O-O-O Bxg4 21. Rd4 Qe6 22. Rdxg4 g6 23. b3 b6 24. Qc3 c5 25. Kb2 b5 26. Bxh6 b4 27. Qg7# 1-0


[Site "https://www.chess.com"]

[Event "Titled Tuesday Blitz January 17 Early 2023"]
[White "Granados Diaz, Maria Esther"]
[Black "Flores Quillas, Diego Saul Rodri"]
[WhiteFideId "6101488"]
[BlackFideId "3822508"]
[WhiteElo "1868"]
[BlackElo "2359"]
[Result "0-1"]
[Round "02"]
[TimeControl "180+2"]
[Date "2023.01.17"]
[WhiteClock "0:00:31"]
[BlackClock "0:01:42"]

1. e4 c5 2. Nf3 d6 3. Nc3 Nc6 4. g3 g6 5. Bg2 Bg7 6. O-O e6 7. Re1 Nge7 8. d3 O-O 9. Bf4 e5 10. Bg5 h6 11. Be3 f5 12. Nd5 Nxd5 13. exd5 Ne7 14. Qd2 g5 15. Qd1 Nxd5 16. Bd2 Be6 17. d4 e4 18. c4 Nc7 0-1


[Site "https://www.chess.com"]

[Event "Titled Tuesday Blitz January 17 Early 2023"]
[White "Jenkins, Drake"]
[Black "Sanchez, Robert"]
[WhiteFideId "2022397"]
[BlackFideId "2034360"]
[WhiteElo "2130"]
[BlackElo "1966"]
[Result "0-1"]
[Round "02"]
[TimeControl "180+2"]
[Date "2023.01.17"]
[WhiteClock "0:00:02"]
[BlackClock "0:00:07"]

1. Nf3 d5 2. c4 e6 3. g3 Nf6 4. Bg2 Be7 5. O-O O-O 6. d3 c6 7. Nbd2 Nbd7 8. Rb1 a5 9. a3 c5 10. cxd5 exd5 11. d4 c4 12. Ne5 Nb6 13. Ndf3 Bf5 14. Ra1 h6 15. Bd2 Ne4 16. Rc1 f6 17. Nh4 fxe5 18. Nxf5 Rxf5 19. dxe5 Rxe5 20. Bf4 Re6 21. Bh3 Rf6 22. Be5 Rf8 23. f3 Ng5 24. Bg2 Bc5+ 25. Kh1 Qe7 26. f4 Ne4 27. Qc2 Nf2+ 28. Rxf2 Bxf2 29. e4 Be3 30. Re1 d4 31. Bf1 Rac8 32. a4 Qb4 33. Rxe3 dxe3 34. Bc3 Qd6 35. Qe2 Nxa4 36. Be5 Qd2 37. Qg4 Rc7 38. Bxc7 Qf2 39. Be2 Rf7 40. Be5 c3 41. bxc3 Nc5 42. h4 Nxe4 43. Bc4 Nxg3+ 44. Qxg3 Qxg3 0-1


[Site "https://www.chess.com"]

[Event "Titled Tuesday Blitz January 17 Early 2023"]
[White "Krstulovic, Alex"]
[Black "Hartikainen, Jarmo"]
[WhiteFideId "760056"]
[BlackFideId "503134"]
[WhiteElo "2428"]
[BlackElo "2108"]
[Result "1-0"]
[Round "02"]
[TimeControl "180+2"]
[Date "2023.01.17"]
[WhiteClock "0:01:51"]
[BlackClock "0:00:13"]

1. e4 c5 2. Nc3 e6 3. Nge2 d5 4. exd5 exd5 5. d4 Nf6 6. g3 Be7 7. Bg2 Be6 8. O-O c4 9. Bg5 Nbd7 10. Nf4 Nb6 11. Re1 O-O 12. a4 a5 13. Nxe6 fxe6 14. Rxe6 Rf7 15. Qe2 Rc8 16. Re1 Ne4 17. Bxe7 Rxe7 18. Rxe7 Qxe7 19. Nxd5 Nxd5 20. Bxe4 Qd7 21. Qf3 Nf6 22. Bf5 Qc6 23. d5 Qc7 24. Bxc8 Qxc8 25. d6 Qd7 26. Qf4 Nd5 27. Qe5 Nf6 28. Qe7 h6 29. Qxd7 Nxd7 30. Re7 Nf6 31. d7 1-0


[Site "https://www.chess.com"]

[Event "Titled Tuesday Blitz January 17 Early 2023"]
[White "Tymrakiewicz, Rafal"]
[Black "Smietanska, Wiktoria"]
[WhiteFideId "1108832"]
[BlackFideId "21869359"]
[WhiteElo "2144"]
[BlackElo "1936"]
[Result "1-0"]
[Round "02"]
[TimeControl "180+2"]
[Date "2023.01.17"]
[WhiteClock "0:00:25"]
[BlackClock "0:00:02"]

1. d4 Nf6 2. Bg5 c5 3. d5 Qb6 4. Bc1 d6 5. Nc3 g6 6. e4 Bg7 7. h3 O-O 8. Nf3 a6 9. a4 Nbd7 10. Be2 Nh5 11. O-O Ne5 12. Ne1 Nf6 13. f4 Ned7 14. Nf3 e6 15. Kh2 exd5 16. exd5 Re8 17. Nd2 Qc7 18. Bf3 b6 19. Nc4 Bb7 20. f5 Ne5 21. Nxe5 Rxe5 22. fxg6 fxg6 23. Bf4 Re7 24. Qd2 Nd7 25. Ne4 Ne5 26. Ng5 Bc8 27. Be2 h6 28. Ne6 Bxe6 29. dxe6 g5 30. Bg3 Rae8 31. Qd5 Kh8 32. Bh5 Rxe6 33. Bxe8 Rxe8 34. Rae1 b5 35. axb5 axb5 36. b3 b4 37. Rd1 Rd8 38. Rfe1 Qe7 39. Bxe5 Bxe5+ 40. Rxe5 Qxe5+ 41. Qxe5+ dxe5 42. Rxd8+ 1-0


[Site "https://www.chess.com"]

[Event "Titled Tuesday Blitz January 17 Early 2023"]
[White "Broca Jimenez, Fernando"]
[Black "Begunov, Konstantin"]
[WhiteFideId "5104742"]
[BlackFideId "4118510"]
[WhiteElo "2075"]
[BlackElo "2325"]
[Result "0-1"]
[Round "02"]
[TimeControl "180+2"]
[Date "2023.01.17"]
[WhiteClock "0:00:13"]
[BlackClock "0:00:08"]

1. e4 c5 2. c3 Nf6 3. e5 Nd5 4. d4 cxd4 5. Nf3 Nc6 6. cxd4 d6 7. exd6 e6 8. Nc3 Bxd6 9. Bd3 Be7 10. Bd2 O-O 11. h4 h6 12. Rc1 Ncb4 13. Bb1 b6 14. a3 Nxc3 15. bxc3 Nd5 16. Qc2 f5 17. c4 Nf6 18. Bb4 Bb7 19. Bxe7 Qxe7 20. Ne5 Bxg2 21. Rg1 Be4 22. Qd2 Bxb1 23. Rxb1 Kh7 24. Ng6 Qxa3 25. Nxf8+ Rxf8 26. Rg3 Qa4 27. Qb4 Qe8 28. Ra3 Ne4 29. Rxa7 Rf7 30. Qxb6 Rxa7 31. Qxa7 Qg6 32. Qa2 Qg1+ 33. Ke2 Qxf2+ 34. Kd3 Qf3+ 35. Kc2 Qc3+ 36. Kd1 Qxd4+ 37. Ke1 Qg1+ 38. Ke2 Qf2+ 39. Kd1 Qxh4 40. Qc2 Qg4+ 41. Kc1 Qf4+ 42. Kb2 Qe5+ 43. Kb3 Nc5+ 44. Kb4 Qd6 45. Rd1 Qb6+ 46. Kc3 Ne4+ 47. Kd3 Qd6+ 48. Ke3 Qg3+ 49. Kd4 Qd6+ 50. Ke3 Qe5 51. Rd3 h5 52. Ke2 Nc5+ 53. Kd1 Nxd3 54. Qxd3 h4 55. Qf3 Qd4+ 56. Kc1 Kg6 57. Kb1 Qe4+ 58. Qxe4 fxe4 59. c5 Kf6 60. c6 Ke7 61. c7 Kd7 62. c8=Q+ Kxc8 63. Kc2 h3 64. Kd2 h2 65. Ke3 h1=Q 66. Ke2 Qf3+ 67. Ke1 Qg2 68. Kd1 e3 69. Kc1 Qd2+ 70. Kb1 e2 71. Ka1 e1=Q# 0-1


[Site "https://www.chess.com"]

[Event "Titled Tuesday Blitz January 17 Early 2023"]
[White "Baches Garcia, Guillermo"]
[Black "Kuchava, Ana"]
[WhiteFideId "2209764"]
[BlackFideId "13605348"]
[WhiteElo "2327"]
[BlackElo "2101"]
[Result "1/2-1/2"]
[Round "02"]
[TimeControl "180+2"]
[Date "2023.01.17"]
[WhiteClock "0:00:13"]
[BlackClock "0:00:04"]

1. e4 c5 2. Nf3 d6 3. d4 cxd4 4. Nxd4 Nf6 5. Nc3 Nc6 6. Nd5 e6 7. Nxf6+ Qxf6 8. Nb5 Qd8 9. c4 a6 10. Nc3 Be7 11. Be2 O-O 12. O-O Qc7 13. Be3 Bd7 14. Rc1 Rac8 15. Na4 Ne5 16. Nb6 Rcd8 17. f4 Ng6 18. Nxd7 Rxd7 19. Qb3 Qc6 20. Bd3 Bf6 21. Rf2 h6 22. g3 Rfd8 23. Qb6 Qxb6 24. Bxb6 Rc8 25. Rfc2 Ne7 26. Kf2 Nc6 27. a3 Bd4+ 28. Bxd4 Nxd4 29. Rc3 e5 30. b4 Kf8 31. Bf1 Ke7 32. Bh3 f5 33. Bxf5 Nxf5 34. exf5 exf4 35. gxf4 Kf6 36. Rd3 Kxf5 37. Rd5+ Ke6 38. Re1+ Kf6 39. Re4 Rc6 40. c5 Re7 41. cxd6 Rd7 42. Red4 Ke6 43. f5+ Kf6 44. Ke3 Rc3+ 45. Ke4 Rxa3 46. Re5 Ra1 47. Re6+ Kf7 48. Kd5 Rc1 49. h4 Rf1 50. Re5 Kf6 51. Re6+ Kf7 52. Re5 Kf6 53. Re6+ Kf7 1/2-1/2


[Site "https://www.chess.com"]

[Event "Titled Tuesday Blitz January 17 Early 2023"]
[White "Clawitter, Craig"]
[Black "Kukula, Pawel"]
[WhiteFideId "2023105"]
[BlackFideId "1115081"]
[WhiteElo "2050"]
[BlackElo "2135"]
[Result "0-1"]
[Round "02"]
[TimeControl "180+2"]
[Date "2023.01.17"]
[WhiteClock "0:00:03"]
[BlackClock "0:00:24"]

1. e4 c5 2. Nf3 Nc6 3. d4 cxd4 4. Nxd4 Nf6 5. Nc3 d6 6. Bc4 e6 7. Be3 a6 8. Qe2 Qc7 9. Bb3 Na5 10. O-O-O b5 11. f3 Bb7 12. Kb1 Nxb3 13. axb3 Be7 14. g4 Nd7 15. h4 b4 16. Na4 Nc5 17. h5 Qa5 18. g5 Nxa4 19. bxa4 Bxg5 20. h6 gxh6 21. f4 Be7 22. Nb3 Qxa4 23. Rxh6 Bxe4 24. Bd4 Bf5 25. Bxh8 Qxb3 26. Bd4 Rc8 27. Rd2 Qa4 28. Rh1 b3 29. Rg1 Qa2+ 30. Kc1 Qa1# 0-1


[Site "https://www.chess.com"]

[Event "Titled Tuesday Blitz January 17 Early 2023"]
[White "Cepo, Toni"]
[Black "Pasaribu, Ivan Maxmillian Putra"]
[WhiteFideId "4675916"]
[BlackFideId "7104219"]
[WhiteElo "2145"]
[BlackElo "2229"]
[Result "0-1"]
[Round "02"]
[TimeControl "180+2"]
[Date "2023.01.17"]
[WhiteClock "0:00:18"]
[BlackClock "0:00:19"]

1. e4 c5 2. Nf3 d6 3. d4 cxd4 4. Nxd4 Nf6 5. Nc3 a6 6. h3 g6 7. Be3 Bg7 8. g4 Nc6 9. Qd2 Bd7 10. O-O-O Rc8 11. f4 O-O 12. f5 Qa5 13. Kb1 Rfe8 14. Nb3 Qd8 15. g5 Nh5 16. fxg6 hxg6 17. Nd5 Be6 18. Bb6 Qd7 19. h4 Ne5 20. Nd4 Nc4 21. Bxc4 Rxc4 22. Nxe6 Qxe6 23. Nc7 Qe5 24. c3 Qxe4+ 25. Qc2 Qxc2+ 26. Kxc2 Rc8 27. Nd5 e6 28. Ne7+ Kf8 29. Nxc8 Rxc8 30. Rxd6 Be5 31. Rd8+ Rxd8 32. Bxd8 Ng3 33. Rd1 Nf5 34. Bb6 Nxh4 35. Bc5+ Kg7 36. Rd8 Nf3 37. Bf8+ Kh7 38. Be7 Bf4 39. Rf8 Kg7 40. Rb8 Bxb8 41. Bf6+ Kf8 0-1


[Site "https://www.chess.com"]

[Event "Titled Tuesday Blitz January 17 Early 2023"]
[White "Tokhirjonova, Gulrukhbegim"]
[Black "Warchol, Kamil"]
[WhiteFideId "14203626"]
[BlackFideId "21858241"]
[WhiteElo "2340"]
[BlackElo "2173"]
[Result "1/2-1/2"]
[Round "02"]
[TimeControl "180+2"]
[Date "2023.01.17"]
[WhiteClock "0:00:13"]
[BlackClock "0:00:15"]

1. e4 c5 2. Nf3 d6 3. d4 cxd4 4. Nxd4 Nf6 5. Bd3 Nc6 6. Nf3 e6 7. O-O Be7 8. c4 O-O 9. Nc3 b6 10. Bf4 a6 11. Rc1 Bb7 12. a3 Nd7 13. b4 Nce5 14. Bg3 Rc8 15. Qe2 Qc7 16. Na4 Rfd8 17. Nd4 Nxd3 18. Qxd3 Ne5 19. Qe2 Nxc4 20. Nxb6 Qxb6 21. Rxc4 Rxc4 22. Qxc4 d5 23. exd5 Bxd5 24. Qc7 Qxc7 25. Bxc7 Rc8 26. Bf4 h6 27. Rc1 Rxc1+ 28. Bxc1 Kf8 29. f3 Ke8 30. Kf2 Kd7 31. Ke3 Kc7 32. Bd2 Kb6 33. a4 Kb7 34. Kd3 Bf6 35. h3 Bxd4 36. Kxd4 Bb3 37. a5 Kc6 38. h4 Bd5 39. Bc3 f6 40. Bd2 Kb5 41. Kc3 Kc6 42. Be3 Kb5 43. Bc5 Kc6 44. Bf8 g6 45. Bxh6 e5 46. Bg7 e4 47. fxe4 Bxe4 48. g3 f5 49. Bf8 Bf3 50. Kd4 Bh5 51. Ke5 Kb5 52. Kf6 Kc6 53. Bc5 Kb5 54. Ke6 Kc6 55. Ke5 Kb5 56. Kd6 Bf3 57. Kc7 Bh5 58. Be7 Bg4 59. Kb7 Bh5 60. Kc8 Bf3 61. Kd8 Bh5 62. Ke8 Bg4 63. Kf7 Bh5 64. Kf6 Kc4 65. Ke5 Kb5 66. Kf4 Kc4 67. Ke5 Kb5 68. Kd4 Bg4 69. Bc5 Bh5 70. Bd6 Bg4 71. Bc5 Bh5 72. Kd5 Bg4 73. Kd6 Bh5 74. Kc7 Bg4 75. Kd7 Bh5 76. Ke7 Bg4 77. Kf6 Bh5 78. Kg5 Kc4 79. Kf4 Kb5 80. g4 Bxg4 81. Kg5 Bh5 82. Kf4 Kc4 83. Kg5 Kb5 84. Kf4 Kc6 85. Ke5 Kb5 86. Kf4 1/2-1/2


[Site "https://www.chess.com"]

[Event "Titled Tuesday Blitz January 17 Early 2023"]
[White "Jovic, Stanoje"]
[Black "Fajdetic, Hrvoje"]
[WhiteFideId "905020"]
[BlackFideId "14501945"]
[WhiteElo "2075"]
[BlackElo "2151"]
[Result "1-0"]
[Round "02"]
[TimeControl "180+2"]
[Date "2023.01.17"]
[WhiteClock "0:00:30"]
[BlackClock "0:00:09"]

1. c4 f5 2. g3 Nf6 3. Bg2 e5 4. Nh3 d6 5. O-O Be7 6. f4 O-O 7. Nc3 e4 8. d3 exd3 9. exd3 c6 10. Qb3 Qb6+ 11. Qxb6 axb6 12. Be3 Nbd7 13. Nf2 Re8 14. Rfe1 Nc5 15. Bxc5 bxc5 16. Re2 Bd7 17. Rae1 Bf8 18. Rxe8 Rxe8 19. Rxe8 Bxe8 20. Kf1 Bh5 21. Ke1 Kf7 22. Kd2 Ke6 23. a4 d5 24. b3 h6 25. h3 g5 26. fxg5 hxg5 27. h4 gxh4 28. gxh4 Bh6+ 29. Kc2 Bf4 30. Nh3 Bg3 31. Ng5+ Kd6 32. Nf3 Bxf3 33. Bxf3 Bxh4 34. Ne2 Bg5 35. cxd5 cxd5 36. d4 b6 37. dxc5+ bxc5 38. Nc3 Ne4 39. Nb5+ Kc6 40. Bh5 c4 41. b4 Be7 42. Be8+ Kb6 43. a5+ Ka6 44. Nc7+ Kb7 45. Nxd5 Bxb4 46. Nxb4 f4 47. Bc6+ Ka7 48. Bxe4 1-0


[Site "https://www.chess.com"]

[Event "Titled Tuesday Blitz January 17 Early 2023"]
[White "Soumya, Swaminathan"]
[Black "Jares, Michal"]
[WhiteFideId "5016193"]
[BlackFideId "386839"]
[WhiteElo "2293"]
[BlackElo "2177"]
[Result "1/2-1/2"]
[Round "02"]
[TimeControl "180+2"]
[Date "2023.01.17"]
[WhiteClock "0:00:05"]
[BlackClock "0:00:04"]

1. e4 c5 2. Nf3 d6 3. d4 cxd4 4. Nxd4 Nf6 5. Nc3 g6 6. Be3 Bg7 7. f3 O-O 8. Qd2 Nc6 9. Bc4 Bd7 10. Bb3 Ne5 11. O-O-O Rc8 12. Kb1 Re8 13. g4 Qa5 14. h4 h5 15. gxh5 Nxh5 16. Rdg1 Kh7 17. f4 Nc4 18. Bxc4 Rxc4 19. f5 Rxc3 20. Qxc3 Qxc3 21. bxc3 Rc8 22. Kb2 Nf6 23. fxg6+ fxg6 24. h5 gxh5 25. Nf5 Bxf5 26. exf5 Rc4 27. Bd4 Kg8 28. Bxf6 exf6 29. Rxh5 Rf4 30. Rh6 Rxf5 31. Rhg6 Rb5+ 32. Kc1 Rg5 33. R6xg5 fxg5 34. Rxg5 Kf7 35. Kd1 Bxc3 36. Rd5 Ke6 37. Rd3 Be5 38. c4 Kd7 39. Kc2 Kc6 40. Kb3 a6 41. a4 b5 42. axb5+ axb5 43. Rd5 bxc4+ 44. Kxc4 Bf4 45. Rf5 Be5 46. Kd3 Kd5 47. Rh5 Ke6 48. Rh6+ Bf6 49. Ke4 d5+ 50. Kd3 Kf5 51. Rh5+ Bg5 52. Kd4 Kg4 53. Rh7 Bf4 54. Kxd5 Kf3 55. Rf7 Ke3 56. Rf5 Bg3 57. Rg5 Bf4 58. Rf5 Bg3 59. Rg5 Bf4 60. Rf5 1/2-1/2


[Site "https://www.chess.com"]

[Event "Titled Tuesday Blitz January 17 Early 2023"]
[White "Nikulina, Alena"]
[Black "marik_spb"]
[WhiteFideId "4172051"]
[WhiteElo "1857"]
[BlackElo "2466"]
[Result "0-1"]
[Round "02"]
[TimeControl "180+2"]
[Date "2023.01.17"]
[WhiteClock "0:02:11"]
[BlackClock "0:01:49"]

1. e4 c6 2. Nc3 d5 3. Qe2 dxe4 4. Nxe4 Bf5 5. g3 e6 6. Bg2 Nf6 7. Nxf6+ Qxf6 8. d3 Nd7 9. Nf3 Bd6 10. O-O O-O 11. Bg5 Qxb2 12. Rab1 Qxa2 13. Rxb7 Nc5 14. Rbb1 Bxd3 15. Qd2 Bxf1 16. Qxd6 Qxb1 17. Bxf1 Ne4 18. Qf4 Nxg5 19. Nxg5 Qxc2 20. Qf3 a5 21. Bd3 Qc1+ 22. Kg2 Qxg5 0-1


[Site "https://www.chess.com"]

[Event "Titled Tuesday Blitz January 17 Early 2023"]
[White "Golding, Alex"]
[Black "Jimenez Fernandez, Rebeca"]
[WhiteFideId "427241"]
[BlackFideId "32070934"]
[WhiteElo "2318"]
[BlackElo "2069"]
[Result "1-0"]
[Round "02"]
[TimeControl "180+2"]
[Date "2023.01.17"]
[WhiteClock "0:00:06"]
[BlackClock "0:00:01"]

1. Nf3 g6 2. e4 Bg7 3. d4 d6 4. h3 a6 5. c4 c5 6. Nc3 cxd4 7. Nxd4 Nf6 8. Be3 O-O 9. Bd3 Nc6 10. Nde2 Bd7 11. O-O Ne5 12. Rc1 Rc8 13. b3 Bc6 14. Nd4 Nxd3 15. Qxd3 Nd7 16. Nxc6 Rxc6 17. f3 Ne5 18. Qd2 Qc8 19. a4 Re8 20. Rfd1 Qd7 21. Nd5 e6 22. Nb6 Qe7 23. f4 Nd7 24. Nxd7 Qxd7 25. e5 d5 26. c5 Qc7 27. Bd4 a5 28. Qb2 Bf8 29. Qf2 Qc8 30. Rc3 b6 31. Rdc1 bxc5 32. Bxc5 Qc7 33. Bd4 Rxc3 34. Rxc3 Qb7 35. g4 Rc8 36. f5 Rxc3 37. Bxc3 Qc6 38. Bd4 Qc1+ 39. Kh2 exf5 40. gxf5 Bh6 41. fxg6 hxg6 42. e6 Bf4+ 43. Kg2 fxe6 44. Qe2 e5 45. Bb6 1-0


[Site "https://www.chess.com"]

[Event "Titled Tuesday Blitz January 17 Early 2023"]
[White "Ruge, Edison"]
[Black "Mestnikov, Aisen"]
[WhiteFideId "4401000"]
[BlackFideId "34130117"]
[WhiteElo "2201"]
[BlackElo "2078"]
[Result "1-0"]
[Round "02"]
[TimeControl "180+2"]
[Date "2023.01.17"]
[WhiteClock "0:00:36"]
[BlackClock "0:00:03"]

1. e4 e5 2. Nf3 Nc6 3. Bb5 a6 4. Ba4 Nf6 5. Qe2 b5 6. Bb3 Be7 7. a4 b4 8. a5 O-O 9. d3 d6 10. h3 Be6 11. Nbd2 Nd7 12. Ba4 Nd4 13. Nxd4 exd4 14. f4 f5 15. O-O Nc5 16. Bc6 Rb8 17. b3 Bd7 18. Bxd7 Qxd7 19. Bb2 Bf6 20. Nf3 fxe4 21. Bxd4 exd3 22. cxd3 Nxb3 23. Bxf6 Rxf6 24. Qa2 Qf7 25. Ng5 Qd5 26. Rab1 Qxd3 27. Qxb3+ Qxb3 28. Rxb3 c5 29. Rc1 Rxf4 30. Ne6 Re4 31. Nc7 Rb7 32. Nd5 Rd4 33. Nb6 Rd2 34. Re1 Ra2 35. Rbe3 Kf7 36. Rf1+ Kg6 37. Re6+ Kh5 38. Rf5+ g5 39. Kh2 1-0


[Site "https://www.chess.com"]

[Event "Titled Tuesday Blitz January 17 Early 2023"]
[White "Rose, Felix"]
[Black "Avazkhonov, Alikhon"]
[WhiteFideId "5105722"]
[BlackFideId "14208504"]
[WhiteElo "2091"]
[BlackElo "1538"]
[Result "0-1"]
[Round "02"]
[TimeControl "180+2"]
[Date "2023.01.17"]
[WhiteClock "0:00:02"]
[BlackClock "0:00:04"]

1. e4 c5 2. Nf3 d6 3. d4 cxd4 4. Nxd4 Nf6 5. Nc3 a6 6. Be3 e5 7. Nb3 Be6 8. f3 h5 9. Nd5 Nbd7 10. c4 Bxd5 11. cxd5 g6 12. Be2 Bh6 13. Bf2 Rc8 14. O-O O-O 15. a4 Nb6 16. Na5 Nbxd5 17. Nxb7 Qc7 18. Nxd6 Qxd6 19. exd5 Rb8 20. b3 Rfd8 21. Rb1 Nxd5 22. Bc4 a5 23. Rb2 Ne3 24. Qxd6 Rxd6 25. Bxe3 Bxe3+ 26. Kh1 Rbd8 27. Rbb1 Kg7 28. g3 Rd2 29. Rfe1 Bb6 30. Rxe5 Rc2 31. Ree1 Rdd2 0-1


[Site "https://www.chess.com"]

[Event "Titled Tuesday Blitz January 17 Early 2023"]
[White "Jimenez, Joaquin"]
[Black "Levine, David"]
[WhiteFideId "109860"]
[BlackFideId "2011611"]
[WhiteElo "2195"]
[BlackElo "2040"]
[Result "1-0"]
[Round "02"]
[TimeControl "180+2"]
[Date "2023.01.17"]
[WhiteClock "0:00:48"]
[BlackClock "0:00:02"]

1. e4 e5 2. Nf3 Nc6 3. Bb5 a6 4. Ba4 Nf6 5. O-O Be7 6. Re1 b5 7. Bb3 d6 8. c3 O-O 9. h3 Bb7 10. d4 Re8 11. a4 Bf8 12. Nbd2 h6 13. Bc2 d5 14. exd5 Qxd5 15. axb5 axb5 16. Rxa8 Bxa8 17. Ne4 Qd8 18. dxe5 Qxd1 19. Nxf6+ gxf6 20. Rxd1 fxe5 21. Be4 Kg7 22. Nh4 Kf6 23. Nf5 h5 24. h4 Ke6 25. Ng3 Bc5 26. Bf5+ Kf6 27. Bg5+ Kg7 28. Nxh5+ Kh8 29. Rd7 Bd6 30. Rxf7 Ne7 31. Rh7+ Kg8 32. Nf6+ Kf8 33. Bh6# 1-0


[Site "https://www.chess.com"]

[Event "Titled Tuesday Blitz January 17 Early 2023"]
[White "Tarnowska, Aleksandra"]
[Black "Wahedi, Ahmad Siar"]
[WhiteFideId "1180967"]
[BlackFideId "4651260"]
[WhiteElo "1835"]
[BlackElo "2274"]
[Result "0-1"]
[Round "02"]
[TimeControl "180+2"]
[Date "2023.01.17"]
[WhiteClock "0:00:01"]
[BlackClock "0:01:54"]

1. e4 e6 2. d4 d5 3. Nd2 dxe4 4. Nxe4 Nf6 5. Ng3 c5 6. Nf3 cxd4 7. Qxd4 Qxd4 8. Nxd4 a6 9. Be2 Bc5 10. Nb3 Bd6 11. Bf3 Nc6 12. c3 Bd7 13. Be3 Rc8 14. Rd1 Ke7 15. O-O Rhd8 16. Rfe1 Be8 17. Bb6 Bc7 18. Bc5+ Bd6 19. Nf5+ Kf8 20. Bxd6+ Kg8 21. Ne7+ Nxe7 22. Bxe7 Rxd1 23. Rxd1 Bc6 24. Bxc6 bxc6 25. Bxf6 gxf6 26. f3 Rb8 27. Rd6 Rb6 28. Kf2 Kf8 29. Ke3 Ke7 30. Rd4 c5 31. Nxc5 Rxb2 32. Nxa6 Rxa2 33. Nc5 Rxg2 34. h4 f5 35. Rd7+ Kf6 36. Rb7 Rh2 37. Nd7+ Kg7 38. Rb4 h5 39. Ne5 Kf6 40. Nd3 Ke7 41. Rd4 f6 42. Ra4 e5 43. Ra7+ Ke6 44. Ra6+ Kf7 45. Ra4 f4+ 46. Ke4 Rxh4 47. Kf5 Rh3 48. Ra7+ Ke8 49. Ke6 Kd8 50. Kxf6 Rxf3 51. Nxe5 Rxc3 52. Ra4 f3 53. Rf4 h4 54. Rxf3 Rc1 55. Kf5 Rh1 56. Ng4 Ke7 0-1


[Site "https://www.chess.com"]

[Event "Titled Tuesday Blitz January 17 Early 2023"]
[White "Sreyas Payyappat"]
[Black "ritanovikova"]
[WhiteFideId "46674969"]
[WhiteElo "2076"]
[BlackElo "2137"]
[Result "1-0"]
[Round "02"]
[TimeControl "180+2"]
[Date "2023.01.17"]
[WhiteClock "0:02:02"]
[BlackClock "0:01:15"]

1. e4 d5 2. exd5 Qxd5 3. d4 e5 4. Nf3 Nc6 5. c4 Bb4+ 6. Nc3 Qe4+ 7. Be3 exd4 8. Nxd4 Nxd4 9. Qxd4 Qxd4 10. Bxd4 f6 11. O-O-O Bd7 12. Nd5 Ba5 13. b4 c6 14. bxa5 cxd5 15. cxd5 Ne7 16. d6 Nf5 17. Be2 Rc8+ 18. Kb2 a6 19. Rhe1 O-O 20. Bf3 Nxd6 21. Bd5+ Kh8 22. Re7 Bc6 23. Bc5 Bxd5 24. Bxd6 Rfe8 25. Rxd5 Rxe7 26. Bxe7 h6 27. Rd8+ Rxd8 28. Bxd8 Kg8 29. Kc3 Kf7 30. Kb4 Ke6 31. Kc5 Kd7 32. Bb6 Ke6 33. Bc7 Kf5 34. Kb6 Ke4 35. Kxb7 Kd3 36. Kxa6 Ke2 37. Bb6 Kf1 38. g3 Kg2 39. Kb7 Kxh2 40. a6 g5 41. a7 h5 42. a8=Q h4 43. gxh4 gxh4 44. Qh8 h3 45. Qh4 f5 46. Qg3+ Kh1 47. Bc7 f4 48. Bxf4 1-0


[Site "https://www.chess.com"]